Map: Lockdown LE

Players

DraCula - Winner!

  • Race: Protoss Protoss
  • League: Grandmaster
  • Spawn Location: 1:00

RipNHammer

  • Race: Terran Terran
  • League: Master
  • Spawn Location: 7:00

VOD

Have the link to the VOD?

Description

Time

  • Played on: Sept. 7, 2026, 3:36 p.m.
  • Length: 12:31
Show
View Real Time Build Order
Export as new Build Order

DraCula Protoss - Winner!

Build Orders:  

Get SALT Encoding   

  8  0:01  Probe (Chrono Boost)  
  9  0:13  Probe (Chrono Boost)  
  10  0:21  Probe (Chrono Boost)  
  11  0:28  Probe  
  11  0:32  Pylon  
  12  0:40  Probe  
  13  0:52  Probe (Chrono Boost)  
  13  0:54  Gateway  
  14  1:04  Probe (Chrono Boost)  
  14  1:05  Assimilator  
  15  1:13  Probe (Chrono Boost)  
  16  1:18  Probe  
  17  1:30  Probe  
  18  1:42  Probe  
  19  1:49  Nexus  
  19  1:58  Cybernetics Core  
  19  2:00  Probe  
  20  2:08  Pylon  
  20  2:12  Probe  
  20  2:13  Assimilator  
  21  2:27  Probe (Chrono Boost)  
  22  2:35  Stalker  
  25  2:37  Probe (Chrono Boost)  
  25  2:42  Probe (Chrono Boost)  
  26  2:48  Warp Gate  
  26  2:53  Probe  
  27  3:01  Probe  
  27  3:05  Probe  
  29  3:11  Stalker  
  31  3:13  Probe  
  31  3:17  Probe  
  33  3:25  Twilight Council  
  33  3:26  Probe (Chrono Boost)  
  35  3:35  Probe (Chrono Boost)  
  35  3:37  Probe (Chrono Boost)  
  35  3:38  Pylon, Sentry  
  38  3:43  Probe (Chrono Boost)  
  38  3:46  Probe (Chrono Boost)  
  40  3:51  Probe (Chrono Boost)  
  40  3:54  Probe (Chrono Boost)  
  42  3:56  Probe (Chrono Boost)  
  42  3:57  Pylon  
  42  4:00  Assimilator  
  42  4:01  Blink (Chrono Boost)  
  43  4:04  Probe  
  43  4:06  Shield Battery  
  43  4:08  Probe  
  45  4:11  Pylon  
  45  4:13  Phoenix  
  45  4:15  Assimilator  
  45  4:16  Probe (Chrono Boost)  
  46  4:24  Probe (Chrono Boost)  
  47  4:28  Robotics Facility, Probe (Chrono Boost)  
  48  4:34  Probe (Chrono Boost)  
  48  4:35  Probe (Chrono Boost), Stalker, Gateway  
  52  4:44  Probe x2  
  52  4:45  Pylon  
  54  4:50  Stalker  
  56  4:56  Probe  
  56  4:57  Nexus  
  57  5:09  Stalker  
  57  5:11  Pylon  
  59  5:15  Immortal  
  63  5:23  Sentry  
  63  5:24  Gateway, Stalker  
  67  5:29  Probe x2  
  67  5:30  Shield Battery  
  69  5:38  Stalker  
  69  5:41  Probe x2  
  73  5:45  Robotics Bay  
  73  5:52  Pylon  
  73  5:53  Probe x2  
  75  6:05  Probe x2  
  75  6:09  Immortal (Chrono Boost)  
  77  6:14  Stalker  
  77  6:15  Shield Battery  
  83  6:21  Stalker  
  83  6:24  Stalker  
  87  6:27  Probe x2  
  87  6:28  Probe, Stalker  
  92  6:32  Forge  
  92  6:34  Forge  
  92  6:35  Stalker  
  90  6:51  Stalker x2  
  86  6:55  Stalker  
  85  7:05  Zealot x2  
  81  7:09  Protoss Ground Weapons Level 1 (Chrono Boost), Protoss Ground Armor Level 1 (Chrono Boost)  
  81  7:10  Nexus, Probe  
  82  7:18  Pylon  
  82  7:22  Pylon  
  82  7:26  Pylon  
  82  7:29  Pylon  
  82  7:30  Charge  
  82  7:32  Extended Thermal Lance (Chrono Boost)  
  82  7:36  Observer, Probe x2  
  79  7:48  Probe x2  
  77  8:00  Probe x2  
  77  8:05  Immortal  
  79  8:11  Stalker x3  
  79  8:12  Probe x2  
  81  8:19  Gateway x2  
  77  8:24  Probe  
  76  8:31  Probe  
  73  8:34  Probe  
  73  8:36  Probe  
  73  8:39  Stalker x3  
  75  8:43  Probe  
  76  8:50  Nexus  
  76  8:54  Colossus (Chrono Boost)  
  82  9:01  Nexus  
  82  9:02  Pylon  
  82  9:07  Protoss Ground Weapons Level 2 (Chrono Boost)  
  82  9:13  Nexus  
  78  9:36  Probe  
  76  9:42  Probe  
  76  9:43  Probe  
  76  9:44  Pylon  
  78  9:52  Probe, Protoss Ground Armor Level 2 (Chrono Boost)  
  76  9:53  Pylon  
  76  9:54  Probe  
  76  9:56  Probe  
  78  10:04  Probe  
  78  10:06  Probe, Dark Shrine  
  80  10:08  Probe  
  80  10:13  Forge  
  81  10:15  Stalker x5  
  81  10:16  Probe  
  81  10:18  Probe  
  81  10:20  Probe  
  81  10:21  Probe x2  
  96  10:28  Probe  
  97  10:29  Assimilator  
  97  10:30  Gateway, Probe  
  97  10:31  Assimilator  
  97  10:32  Probe  
  97  10:33  Gateway  
  97  10:35  Gateway  
  99  10:36  Gateway x2  
  99  10:38  Gateway  
  99  10:39  Protoss Shields Level 1 (Chrono Boost)  
  99  10:50  Gateway  
  99  10:53  Probe x2  
  101  10:57  Probe x2  
  103  11:05  Pylon  
  103  11:18  Probe  
  104  11:19  Dark Templar x5  
  104  11:21  Assimilator  
  104  11:23  Assimilator  
  114  11:27  Dark Templar  
  114  11:30  Probe x3  
  119  11:33  Assimilator  
  119  11:34  Assimilator  
  119  11:35  Dark Templar x5  
  129  11:51  Zealot  
  126  11:59  Archon x2  
  111  12:05  Zealot x6  
  119  12:12  Dark Templar x5  
  119  12:13  Probe  
Show
View Real Time Build Order
Export as new Build Order

RipNHammer Terran 

Build Orders: Reaper Expand 

Get SALT Encoding   

  8  0:00  SCV  
  9  0:12  SCV  
  10  0:24  SCV  
  11  0:36  SCV  
  11  0:39  Supply Depot  
  12  0:48  SCV  
  13  1:01  SCV  
  13  1:02  Barracks  
  14  1:09  Refinery  
  14  1:13  SCV  
  15  1:25  SCV  
  16  1:37  SCV  
  17  1:52  Orbital Command  
  17  2:02  Reaper  
  17  2:08  Command Center  
  18  2:18  SCV  
  19  2:30  SCV  
  19  2:32  Supply Depot  
  19  2:36  Marine  
  21  2:42  Bunker  
  21  2:50  Barracks  
  21  2:54  SCV  
  21  2:56  Barracks Reactor  
  22  3:06  SCV  
  22  3:09  Barracks  
  23  3:19  SCV  
  24  3:21  Orbital Command  
  24  3:31  SCV  
  24  3:33  Marine x2  
  27  3:38  Barracks Tech Lab  
  27  3:44  SCV  
  28  3:49  SCV  
  28  3:52  Supply Depot  
  28  3:53  Marine x2  
  31  3:56  SCV  
  31  3:58  Stimpack, Barracks Tech Lab  
  31  3:59  Marine  
  31  4:01  SCV  
  34  4:04  Supply Depot  
  34  4:08  SCV  
  35  4:13  SCV  
  35  4:15  Marine x2  
  38  4:20  SCV  
  38  4:23  Combat Shield  
  39  4:24  Engineering Bay, Marine  
  39  4:25  SCV  
  39  4:26  Marine  
  42  4:32  SCV  
  42  4:35  Marine x2  
  45  4:40  Supply Depot  
  45  4:42  SCV  
  46  4:46  Marine, Marauder  
  46  4:48  SCV  
  46  4:52  Supply Depot  
  50  4:53  Terran Infantry Weapons Level 1  
  50  4:56  Marine x2  
  50  4:57  SCV  
  52  5:07  Marine, Marauder  
  52  5:14  Marine, SCV  
  55  5:16  SCV  
  55  5:17  Marine  
  59  5:25  Marauder  
  59  5:26  SCV  
  59  5:27  Supply Depot  
  59  5:28  SCV  
  63  5:29  Marauder  
  63  5:32  Marine  
  63  5:35  Supply Depot, Marine  
  67  5:38  SCV  
  67  5:40  Concussive Shells  
  67  5:41  SCV  
  69  5:45  Supply Depot  
  69  5:48  Marauder  
  71  5:51  Supply Depot, Marine, Marauder  
  73  6:10  Marine  
  73  6:11  Marauder  
  74  6:14  Marine, Marauder  
  74  6:15  SCV x2  
  79  6:27  SCV x2  
  79  6:28  Refinery  
  79  6:29  Refinery  
  79  6:30  Refinery  
  74  6:54  Marine x2, Marauder  
  67  6:55  Marauder, SCV  
  43  7:12  Marine x2, SCV x2  
  43  7:15  Marine  
  43  7:16  Marauder, Factory  
  45  7:23  Barracks x2  
  45  7:25  Barracks  
  45  7:26  Command Center  
  45  7:29  Marine  
  45  7:32  Bunker  
  45  7:34  Marauder, SCV x2  
  45  7:46  Marine  
  45  7:47  Marauder, Marine  
  46  7:55  Marine  
  38  8:04  Marine  
  38  8:05  Marine  
  35  8:08  Marauder  
  35  8:11  Marine x3  
  35  8:12  Marine  
  32  8:22  Marine  
  32  8:23  Marine  
  32  8:26  SCV x2  
  32  8:29  Marine x3, Marauder  
  32  8:31  Marauder  
  34  8:38  SCV x2  
  34  8:39  Marine  
  35  8:50  SCV  
  35  8:51  Marauder  
  35  8:55  SCV, Bunker  
  39  9:02  Orbital Command  
  39  9:03  SCV  
  39  9:08  SCV  
  41  9:15  SCV  
  42  9:20  SCV  
  42  9:26  Marine x2, Marauder x2  
  42  9:28  SCV  
  43  9:50  Marine  
  43  9:51  Marine x4, Marauder x2  
  41  9:53  SCV x3  
  44  10:00  Starport  
  44  10:05  SCV x3  
  47  10:08  Marine x2  
  47  10:11  Marine x3  
  47  10:12  Marauder  
  47  10:13  Marauder  
  56  10:16  Factory Reactor  
  56  10:17  SCV  
  56  10:18  SCV x2  
  59  10:23  Terran Infantry Armor Level 1  
  59  10:26  Marine  
  60  10:29  SCV, Barracks Tech Lab  
  60  10:30  SCV x2  
  60  10:31  Marine  
  60  10:35  Barracks Tech Lab  
  64  10:41  SCV  
  64  10:42  SCV x2  
  67  10:46  Marine  
  67  10:47  Marauder  
  67  10:49  Marauder  
  72  10:53  SCV  
  72  10:54  SCV  
  74  11:03  Marine  
  74  11:04  Marauder, Medivac x2  
  78  11:05  SCV  
  78  11:07  SCV  
  78  11:08  Armory  
  78  11:11  Marine, Marauder  
  85  11:14  Widow Mine  
  88  11:18  Marine  
  88  11:20  Marauder  
  88  11:21  Marauder  
  93  11:26  Marine, Marauder  
  93  11:30  Orbital Command  
  93  11:31  Marine  
  93  11:32  Marine  
  98  11:33  SCV  
  98  11:36  Medivac x2  
  98  11:37  Engineering Bay  
  103  11:40  SCV  
  103  11:45  SCV  
  105  11:47  Marine  
  105  11:48  Marauder  
  94  12:05  Marine  
  94  12:06  Marine  
  94  12:07  Marine x2  
  94  12:08  Marauder x2  
  96  12:09  Marine  
Tags
 
Add a new tag
Caveats
  • Supply blocks, unpowered buildings, or Contaminate may cause inaccurate times.
  • Supply counts are checked every 10 seconds.